Map: Lightshade LE

Players

Namshar - Winner!

  • Race: Zerg Zerg
  • League: Grandmaster
  • Spawn Location: 5:00

TLO

  • Race: Zerg Zerg
  • League: Master
  • Spawn Location: 11:00

Event: DreamHack SC2 Masters 2020 Winter

VOD

Have the link to the VOD?

Description

Time

  • Played on: Oct. 27, 2020, 6:40 p.m.
  • Length: 19:57

All games in this series

Show
View Real Time Build Order
Export as new Build Order

Namshar Zerg - Winner!

Build Orders: Hatch First 

Get SALT Encoding   

  12  0:00  Drone  
  13  0:11  Overlord  
  13  0:16  Drone  
  14  0:30  Drone x2  
  16  0:47  Hatchery  
  15  0:50  Drone  
  15  0:54  Drone  
  17  1:09  Spawning Pool  
  16  1:11  Extractor  
  16  1:13  Drone  
  16  1:16  Drone  
  17  1:19  Drone  
  18  1:27  Drone  
  19  1:38  Drone  
  20  1:48  Overlord  
  20  1:56  Queen  
  20  1:59  Queen, Zergling x2  
  20  2:00  Zergling x2  
  26  2:10  Drone  
  26  2:11  Drone  
  26  2:13  Metabolic Boost  
  28  2:22  Drone x2  
  30  2:32  Drone x2  
  32  2:41  Hatchery  
  31  2:46  Queen  
  33  2:55  Baneling Nest  
  33  2:57  Overlord  
  31  3:00  Drone  
  31  3:01  Drone  
  31  3:04  Drone  
  34  3:09  Drone  
  35  3:16  Drone x2  
  35  3:17  Zergling x4  
  39  3:20  Drone, Evolution Chamber  
  39  3:26  Overlord  
  39  3:28  Drone  
  40  3:35  Drone  
  40  3:36  Drone  
  40  3:38  Baneling  
  40  3:41  Drone  
  43  3:43  Overlord  
  43  3:47  Zerg Missile Weapons Level 1  
  43  3:49  Baneling  
  43  3:51  Drone x2  
  43  3:55  Overlord  
  45  3:59  Drone x4  
  45  4:02  Zergling x2  
  50  4:08  Drone x4  
  54  4:15  Drone x4  
  58  4:20  Drone  
  58  4:21  Lair  
  58  4:23  Extractor  
  58  4:25  Extractor  
  58  4:29  Zergling x4  
  58  4:30  Drone x3  
  62  4:35  Roach Warren  
  62  4:36  Overlord  
  61  4:40  Drone x3  
  61  4:44  Overlord  
  64  4:47  Extractor  
  64  4:50  Drone x5  
  68  4:57  Overlord  
  68  4:59  Overlord  
  68  5:00  Drone x4  
  68  5:06  Pneumatized Carapace  
  71  5:07  Extractor  
  71  5:08  Extractor  
  71  5:09  Drone x3  
  71  5:15  Baneling x2  
  71  5:22  Evolution Chamber  
  71  5:25  Drone x6  
  71  5:26  Drone  
  71  5:28  Overseer  
  76  5:36  Roach x5  
  76  5:39  Hatchery  
  76  5:40  Glial Reconstitution  
  85  5:47  Zerg Missile Weapons Level 2  
  85  5:50  Overlord x2  
  84  6:02  Roach x5  
  93  6:07  Zerg Ground Armor Level 1  
  93  6:10  Overlord x2  
  93  6:12  Roach x5  
  103  6:19  Roach x4  
  103  6:24  Roach x3  
  117  6:26  Ravager  
  117  6:27  Overlord  
  117  6:31  Roach x2  
  122  6:37  Roach x4  
  129  6:46  Drone x2  
  131  6:54  Hatchery, Overseer  
  131  6:58  Burrow  
  131  6:59  Tunneling Claws  
  130  7:06  Roach x8  
  130  7:07  Overlord  
  146  7:28  Ravager  
  146  7:29  Ravager x2  
  149  7:30  Overlord x3, Ravager  
  149  7:34  Roach x2  
  154  7:38  Overlord x3  
  154  7:42  Extractor  
  154  7:43  Drone  
  154  7:44  Overlord x2  
  154  7:49  Drone  
  154  7:50  Drone  
  156  7:51  Roach x5  
  156  7:54  Ravager x3  
  156  7:56  Roach x2  
  173  8:00  Roach x30  
  173  8:01  Roach x4  
  181  8:11  Roach x8  
  197  8:20  Roach  
  197  8:24  Ravager  
  197  8:26  Zerg Ground Armor Level 2  
  200  8:27  Roach x3  
  196  8:42  Ravager x3  
  199  8:49  Ravager  
  199  8:53  Extractor  
  195  9:03  Ravager  
  195  9:05  Roach x8  
  195  9:09  Roach x6  
  200  9:13  Overseer  
  200  9:31  Overlord  
  200  9:32  Overlord  
  196  9:44  Roach x5  
  190  9:51  Roach  
  190  9:52  Roach x8  
  200  10:04  Hydralisk Den  
  200  10:05  Infestation Pit  
  198  10:10  Roach x8  
  198  10:11  Hatchery  
  198  10:12  Roach  
  198  10:13  Roach x2  
  199  10:20  Ravager  
  200  10:28  Roach x10  
  196  10:55  Roach  
  196  10:56  Roach x5  
  196  11:05  Roach x3  
  178  11:13  Drone x15  
  178  11:17  Roach x6  
  191  11:24  Roach x2  
  189  11:25  Grooved Spines  
  189  11:26  Hive  
  189  11:29  Roach x2  
  189  11:30  Roach  
  174  11:42  Drone  
  174  11:43  Lurker Den  
  174  11:46  Roach x6  
  184  11:50  Queen  
  184  11:51  Hatchery  
  184  11:52  Roach  
  184  11:53  Roach, Ravager x3  
  192  11:57  Roach x4  
  198  12:09  Roach x20  
  198  12:18  Overlord x2  
  198  12:20  Roach x6  
  198  12:21  Roach  
  179  12:32  Drone x13  
  179  12:33  Roach x6  
  136  12:37  Muscular Augments  
  136  12:43  Roach x17  
  143  12:53  Roach  
  143  12:54  Roach x5  
  143  12:57  Ravager x2  
  143  12:58  Ravager x8  
  159  13:00  Roach x3  
  159  13:02  Roach x3  
  159  13:08  Roach x3  
  161  13:15  Roach  
  161  13:16  Roach  
  158  13:32  Roach x5  
  145  13:39  Roach x4  
  148  13:42  Viper  
  148  13:45  Drone x2  
  148  13:48  Viper  
  151  13:49  Roach x30  
  151  13:55  Roach x3  
  154  13:59  Drone  
  154  14:00  Drone x4  
  159  14:03  Overseer  
  159  14:06  Overseer  
  159  14:10  Ravager  
  160  14:31  Hydralisk x5  
  158  14:37  Overlord  
  166  14:39  Roach x17  
  166  14:44  Drone x4  
  170  14:50  Viper  
  171  15:02  Hydralisk x2  
  175  15:10  Seismic Spines  
  175  15:15  Roach x40  
  175  15:19  Overlord  
  175  15:25  Zerg Missile Weapons Level 3  
  175  15:30  Lurker x2  
  175  15:32  Lurker  
  178  15:43  Overseer  
  178  15:50  Hatchery  
  178  15:55  Lurker x2  
  178  15:57  Lurker  
  180  15:59  Extractor  
  179  16:15  Overlord  
  179  16:17  Hydralisk x3  
  185  16:36  Overlord  
  185  16:37  Overlord  
  185  16:39  Viper  
  185  16:42  Hydralisk  
  185  16:43  Hydralisk  
  186  16:55  Lurker x3  
  189  17:08  Adaptive Talons  
  189  17:16  Hydralisk  
  189  17:17  Hydralisk x3  
  197  17:24  Roach x18  
  197  17:42  Lurker x3  
  196  17:47  Hatchery  
  196  18:03  Roach x11  
  196  18:07  Hatchery  
  195  18:15  Extractor  
  195  18:18  Roach x12  
  180  18:41  Hydralisk  
  180  18:42  Hydralisk x7  
  194  18:56  Hydralisk x2  
Show
View Real Time Build Order
Export as new Build Order

TLO Zerg 

Build Orders: Hatch First, Lurkers, Roach Hydra 

Get SALT Encoding   

  12  0:00  Drone  
  13  0:12  Overlord  
  13  0:16  Drone  
  14  0:30  Drone  
  14  0:31  Drone  
  16  0:47  Hatchery  
  15  0:51  Drone  
  15  0:54  Drone  
  17  0:58  Drone  
  17  1:02  Extractor  
  17  1:13  Spawning Pool  
  17  1:17  Drone  
  17  1:20  Drone  
  18  1:28  Drone  
  19  1:39  Drone  
  20  1:49  Drone  
  21  2:00  Queen x2  
  25  2:01  Metabolic Boost  
  25  2:04  Overlord  
  25  2:07  Zergling x2  
  26  2:10  Drone  
  26  2:13  Drone  
  28  2:22  Drone x2  
  30  2:31  Zergling x2  
  31  2:37  Hatchery  
  31  2:43  Overlord  
  30  2:45  Drone  
  30  2:49  Drone  
  32  2:54  Drone  
  32  2:55  Drone  
  34  2:59  Baneling Nest  
  34  3:04  Drone x2  
  35  3:10  Drone  
  35  3:12  Queen  
  38  3:13  Drone  
  38  3:15  Zergling x2  
  41  3:20  Drone  
  41  3:21  Drone  
  41  3:24  Overlord  
  41  3:26  Drone  
  43  3:31  Evolution Chamber  
  43  3:34  Drone  
  43  3:35  Drone  
  43  3:42  Drone  
  43  3:43  Baneling, Zergling x2  
  43  3:45  Drone  
  43  3:46  Drone  
  48  3:48  Drone  
  48  3:51  Drone, Overlord  
  48  3:52  Drone  
  50  3:57  Baneling  
  50  3:59  Zergling x2  
  50  4:00  Drone  
  52  4:04  Zerg Missile Weapons Level 1  
  52  4:06  Roach Warren  
  52  4:07  Drone  
  52  4:10  Extractor  
  52  4:11  Extractor  
  52  4:12  Zergling x2  
  52  4:13  Drone x2  
  52  4:14  Drone  
  52  4:16  Drone  
  55  4:17  Drone  
  55  4:21  Drone  
  55  4:24  Lair  
  57  4:25  Drone  
  57  4:27  Drone  
  57  4:28  Drone  
  60  4:34  Zergling x2  
  60  4:36  Overlord  
  60  4:37  Drone  
  62  4:38  Drone  
  62  4:39  Drone  
  62  4:41  Overlord  
  64  4:46  Roach  
  64  4:47  Overlord  
  64  4:48  Overlord  
  66  4:53  Baneling x2  
  66  4:54  Drone  
  66  4:55  Drone  
  66  4:56  Overlord  
  69  5:00  Drone x3, Extractor  
  69  5:01  Extractor  
  69  5:02  Drone  
  69  5:03  Drone  
  69  5:04  Drone  
  69  5:06  Drone  
  74  5:07  Drone  
  74  5:10  Drone  
  74  5:12  Drone  
  74  5:13  Drone  
  76  5:15  Drone  
  77  5:23  Glial Reconstitution  
  77  5:25  Roach  
  77  5:26  Hatchery, Roach  
  80  5:29  Roach  
  80  5:30  Roach  
  80  5:32  Roach  
  86  5:36  Roach x2  
  86  5:38  Roach  
  86  5:39  Roach  
  86  5:42  Roach  
  95  5:43  Roach  
  95  5:44  Roach  
  95  5:47  Drone  
  95  5:48  Evolution Chamber  
  95  5:49  Drone  
  100  5:51  Drone, Extractor  
  100  5:52  Drone  
  100  5:53  Drone  
  100  5:57  Drone  
  103  6:00  Roach  
  104  6:05  Zerg Missile Weapons Level 2  
  104  6:07  Roach  
  104  6:09  Roach  
  105  6:13  Overlord x2  
  105  6:15  Hydralisk Den  
  105  6:16  Overlord x3  
  102  6:20  Overlord  
  102  6:26  Zerg Ground Armor Level 1  
  102  6:27  Overlord  
  102  6:28  Drone  
  102  6:29  Overlord x2  
  102  6:31  Roach  
  107  6:40  Roach  
  107  6:41  Roach  
  107  6:42  Roach x2  
  107  6:45  Drone x3  
  107  6:46  Roach  
  116  6:47  Roach  
  116  6:49  Roach  
  116  6:52  Muscular Augments, Roach  
  116  6:53  Roach x2  
  126  6:55  Ravager x4  
  126  6:57  Roach  
  126  6:59  Roach  
  126  7:00  Roach  
  136  7:03  Roach  
  136  7:04  Roach  
  136  7:07  Roach  
  142  7:08  Overlord  
  142  7:13  Roach, Spine Crawler  
  143  7:19  Overlord  
  143  7:22  Roach x2  
  147  7:23  Roach  
  147  7:24  Roach  
  147  7:26  Roach  
  147  7:27  Roach x2  
  152  7:31  Roach  
  152  7:33  Roach  
  152  7:34  Roach  
  152  7:36  Roach  
  160  7:37  Roach  
  160  7:38  Roach  
  160  7:41  Roach, Overseer  
  160  7:43  Hydralisk  
  160  7:44  Hydralisk  
  168  7:46  Ravager  
  168  7:48  Hydralisk  
  168  7:50  Hydralisk  
  168  7:51  Hydralisk  
  175  7:53  Hydralisk  
  179  7:58  Pneumatized Carapace  
  179  7:59  Hydralisk  
  179  8:02  Roach  
  179  8:03  Grooved Spines  
  179  8:04  Roach  
  186  8:05  Drone, Spine Crawler  
  186  8:07  Hydralisk  
  186  8:08  Extractor, Hydralisk  
  190  8:13  Roach x2  
  190  8:15  Spore Crawler  
  190  8:16  Spore Crawler  
  190  8:19  Spore Crawler  
  189  8:20  Spore Crawler  
  189  8:24  Overseer, Overlord  
  189  8:25  Hydralisk  
  190  8:27  Overlord  
  185  8:41  Hydralisk x6  
  185  8:44  Roach, Ravager  
  200  8:51  Evolution Chamber  
  200  8:54  Overseer  
  199  8:59  Roach x2  
  199  9:00  Roach  
  201  9:03  Zerg Ground Armor Level 2  
  201  9:14  Lurker Den  
  201  9:16  Overseer  
  198  9:31  Roach  
  198  9:36  Roach  
  198  9:37  Roach x2  
  198  9:38  Roach  
  200  9:42  Roach x2  
  200  9:43  Roach  
  186  9:47  Roach x2  
  186  9:48  Roach x2  
  186  9:49  Roach  
  186  9:52  Roach  
  188  9:54  Roach x8  
  188  9:59  Roach  
  198  10:02  Roach  
  200  10:10  Roach  
  200  10:11  Roach x7  
  187  10:16  Ravager x6  
  193  10:21  Lurker  
  193  10:22  Extractor  
  193  10:25  Roach x3  
  199  10:45  Roach  
  197  10:50  Roach  
  197  10:56  Roach x4  
  195  10:58  Roach  
  195  10:59  Hydralisk  
  195  11:00  Hydralisk  
  195  11:01  Hydralisk  
  195  11:03  Roach  
  192  11:04  Roach  
  192  11:06  Roach x2  
  192  11:08  Roach  
  192  11:09  Roach  
  190  11:11  Roach  
  190  11:12  Roach x2  
  190  11:13  Roach x2  
  190  11:16  Roach x2  
  190  11:17  Roach  
  190  11:18  Roach x2  
  198  11:23  Hydralisk  
  198  11:24  Roach  
  173  11:28  Roach  
  173  11:29  Roach  
  173  11:31  Roach  
  155  11:34  Lurker x3, Hydralisk  
  155  11:37  Roach  
  155  11:38  Ravager x2  
  155  11:40  Roach  
  155  11:41  Roach  
  155  11:45  Roach  
  161  11:48  Spine Crawler, Hydralisk  
  161  11:52  Hydralisk  
  163  11:55  Hydralisk  
  163  12:01  Hydralisk  
  165  12:03  Hydralisk  
  165  12:06  Hydralisk  
  173  12:09  Hydralisk x2  
  173  12:11  Hydralisk x2  
  173  12:12  Hydralisk  
  171  12:17  Hydralisk x2  
  171  12:18  Infestation Pit  
  158  12:32  Roach x2, Hydralisk x3  
  145  12:37  Hydralisk x2  
  115  12:54  Drone x2  
  117  13:07  Hydralisk  
  117  13:08  Hydralisk  
  117  13:11  Hydralisk  
  117  13:12  Hydralisk  
  118  13:15  Hydralisk x2  
  118  13:16  Hydralisk  
  122  13:32  Hydralisk x2  
  122  13:33  Hydralisk  
  117  13:43  Drone x2  
  119  13:57  Drone  
  119  13:59  Drone, Spire  
  119  14:00  Drone  
  119  14:01  Drone  
  119  14:02  Hydralisk x2  
  126  14:12  Drone  
  125  14:28  Drone  
  125  14:31  Hydralisk x2  
  126  14:37  Lurker x2  
  128  14:38  Drone  
  128  14:41  Drone x3  
  128  14:42  Drone  
  128  14:43  Drone  
  128  14:45  Drone  
  133  15:10  Hydralisk  
  133  15:11  Hydralisk x6  
  148  15:14  Hydralisk  
  148  15:18  Hydralisk  
  152  15:24  Roach Warren, Overseer  
  151  15:31  Hydralisk x2  
  151  15:35  Hydralisk  
  155  15:42  Hydralisk  
  159  15:43  Overlord  
  159  15:46  Overseer  
  159  16:01  Overseer  
  159  16:04  Ravager x2  
  159  16:05  Ravager x11  
  159  16:06  Hydralisk x2  
  159  16:11  Hydralisk  
  176  16:14  Roach  
  176  16:17  Hydralisk  
  182  16:20  Overseer  
  182  16:21  Roach  
  182  16:24  Roach, Overseer  
  186  16:27  Hydralisk  
  188  16:33  Hydralisk  
  188  16:35  Roach  
  188  16:38  Roach  
  194  16:41  Roach  
  194  16:43  Overseer  
  194  16:44  Roach  
  194  16:46  Overseer  
  189  16:51  Hive, Overseer  
  189  16:56  Roach  
  189  16:57  Roach  
  193  17:04  Roach  
  193  17:05  Roach  
  193  17:07  Hydralisk  
  179  17:14  Hydralisk  
  181  17:17  Hydralisk  
  181  17:21  Roach  
  185  17:24  Roach  
  187  17:41  Hatchery  
  186  17:51  Hydralisk x2  
  190  18:03  Seismic Spines  
  190  18:06  Viper  
  190  18:09  Viper  
  196  18:17  Viper  
  199  18:29  Overseer  
  199  18:34  Roach  
  196  18:39  Roach x2  
  200  18:43  Overlord  
  200  18:48  Overlord  
  200  18:53  Lurker  
  199  18:59  Overlord  
  199  19:00  Adaptive Talons  
  199  19:04  Overlord  
  199  19:07  Lurker  
  194  19:10  Roach  
  194  19:13  Roach  
  190  19:19  Lurker x2  
  190  19:20  Roach  
  190  19:23  Roach  
  194  19:25  Roach  
  194  19:26  Roach  
  194  19:30  Roach  
  182  19:31  Roach  
  182  19:34  Roach  
  182  19:36  Overlord  
Tags
 
Add a new tag
Caveats
  • Supply blocks, unpowered buildings, or Contaminate may cause inaccurate times.
  • Supply counts are checked every 10 seconds.